TOP OF THE 1ST |
University of Virginia Cavaliers batting - Pitching for University of Miami Hurricanes : LHP Dave Caprasquilio
|
Pitching: LHP Dave Caprasquilio
|
|
Batting: RHB Jeff Lairson
|
0-0: Called Strike 0-1: Swinging Strike 0-2: Foul Ball, location: 2F 0-2: Ball 1-2: Strikes out swinging
|
Batting: RHB Kyle Beeks
|
0-0: Ball 1-0: Foul Ball, location: 2F 1-1: Called Strike 1-2: Strikes out swinging
|
Batting: LHB Min-Had Chau
|
0-0: Ball 1-0: Foul Ball, location: 2F 1-1: Foul Ball, location: 2F 1-2: Ground out 5-3 (Groundball, 5L, EV 80.0 MPH)
|
Top of the 1st over - 0 runs, 0 hits, 0 errors, 0 left on base; University of Virginia 0 - University of Miami 0 |
BOTTOM OF THE 1ST |
University of Miami Hurricanes batting - Pitching for University of Virginia Cavaliers : RHP Danny Aviles
|
Pitching: RHP Danny Aviles
|
|
Batting: RHB Cory Kaffka
|
0-0: Called Strike 0-1: Called Strike 0-2: Strikes out swinging
|
Batting: LHB Flipp Amchentsev
|
0-0: Ball 1-0: Ball 2-0: Foul Ball, location: 2F 2-1: Foul Ball, location: 2F 2-2: Ball 3-2: Reached on error, E4 (Groundball, 4, EV 101.2 MPH)
|
Batting: SHB Liam Bintner
|
0-0: Ball Flipp Amchentsev is caught stealing 2nd base 2-6 1-0: SINGLE (Groundball, 34D, EV 98.8 MPH)
|
Batting: RHB Feng Bao
|
0-0: Ball 1-0: Swinging Strike 1-1: Foul Ball, location: 2F 1-2: SINGLE (Line Drive, 8RS, EV 89.4 MPH) Liam Bintner to second Runner from 2nd tries for 3rd, SAFE, no throw by CF
|
Batting: SHB Shafeeq bin Haytham
|
0-0: Foul Ball, location: 2F 0-1: Fly out, F9 (Line Drive, 9D, EV 98.1 MPH)
|
Bottom of the 1st over - 0 runs, 2 hits, 1 error, 2 left on base; University of Virginia 0 - University of Miami 0 |
TOP OF THE 2ND |
University of Virginia Cavaliers batting - Pitching for University of Miami Hurricanes : LHP Dave Caprasquilio
|
Batting: RHB Corey Bosley
|
0-0: Foul Ball, location: 2F 0-1: Ball 1-1: Ball 2-1: Fly out, F9 (Line Drive, 9, EV 89.4 MPH)
|
Batting: RHB Dane Davis
|
0-0: Reached on error, E6 (Groundball, 6, EV 103.8 MPH)
|
Batting: LHB Scott Simon
|
0-0: Ball 1-0: Called Strike 1-1: Foul Ball, location: 2F 1-2: Foul Ball, location: 2F 1-2: Strikes out swinging
|
Batting: RHB Sal Ochoa
|
0-0: Called Strike 0-1: Foul Ball, location: 2F 0-2: Ball 1-2: Ball 2-2: Fly out, F9 (Flyball, 9LS, EV 96.9 MPH)
|
Top of the 2nd over - 0 runs, 0 hits, 1 error, 1 left on base; University of Virginia 0 - University of Miami 0 |
BOTTOM OF THE 2ND |
University of Miami Hurricanes batting - Pitching for University of Virginia Cavaliers : RHP Danny Aviles
|
Batting: RHB Victor Flores
|
0-0: Ground out U3 (Groundball, 3, EV 81.9 MPH)
|
Batting: RHB Sam Bottom
|
0-0: Foul Ball, location: 2F 0-1: SINGLE (Line Drive, 4D, EV 98.8 MPH)
|
Batting: RHB Felix Contreras
|
0-0: Foul Ball, location: 2F 0-1: Foul Ball, location: 2F 0-2: Ball 1-2: Foul Ball, location: 2F 1-2: Fly out, F9 (Flyball, 89M, EV 95.6 MPH)
|
Batting: LHB Jeff Campbell
|
0-0: Swinging Strike 0-1: Called Strike 0-2: Fielders Choice at 2nd, 6-4 (Groundball, 6, EV 92.5 MPH)
|
Bottom of the 2nd over - 0 runs, 1 hit, 0 errors, 1 left on base; University of Virginia 0 - University of Miami 0 |
TOP OF THE 3RD |
University of Virginia Cavaliers batting - Pitching for University of Miami Hurricanes : LHP Dave Caprasquilio
|
Batting: RHB Dave Bartko
|
0-0: Foul Ball, location: 2F 0-1: Foul Ball, location: 2F 0-2: Ball 1-2: Ball 2-2: Foul Ball, location: 2F 2-2: Ball 3-2: Strikes out swinging
|
Batting: RHB Lubos Karas
|
0-0: Swinging Strike 0-1: Called Strike 0-2: Strikes out swinging
|
Batting: RHB Jeff Lairson
|
0-0: Swinging Strike 0-1: Foul Ball, location: 2F 0-2: Ball 1-2: SINGLE (Groundball, 6MD, EV 95.0 MPH)
|
Batting: RHB Kyle Beeks
|
0-0: Ground out 4-3 (Groundball, 4S, EV 81.9 MPH)
|
Top of the 3rd over - 0 runs, 1 hit, 0 errors, 1 left on base; University of Virginia 0 - University of Miami 0 |
BOTTOM OF THE 3RD |
University of Miami Hurricanes batting - Pitching for University of Virginia Cavaliers : RHP Danny Aviles
|
Batting: RHB Cory Kaffka
|
0-0: Ball 1-0: Swinging Strike 1-1: Called Strike 1-2: Ball 2-2: Ground out 6-3 (Groundball, 6, EV 101.2 MPH)
|
Batting: LHB Flipp Amchentsev
|
0-0: Ball 1-0: Called Strike 1-1: Ball 2-1: Ball 3-1: Called Strike 3-2: Foul Ball, location: 2F 3-2: Strikes out looking
|
Batting: SHB Liam Bintner
|
0-0: Ball 1-0: Foul Ball, location: 2F 1-1: Ball 2-1: Called Strike 2-2: Foul Ball, location: 2F 2-2: Foul Ball, location: 2F 2-2: Strikes out swinging, 2-3 out at first.
|
Bottom of the 3rd over - 0 runs, 0 hits, 0 errors, 0 left on base; University of Virginia 0 - University of Miami 0 |
TOP OF THE 4TH |
University of Virginia Cavaliers batting - Pitching for University of Miami Hurricanes : LHP Dave Caprasquilio
|
Batting: LHB Min-Had Chau
|
0-0: Foul Ball, location: 2F 0-1: Foul Ball, location: 2F 0-2: Strikes out swinging
|
Batting: RHB Corey Bosley
|
0-0: SINGLE (Groundball, 56S, EV 95.6 MPH)
|
Batting: RHB Dane Davis
|
0-0: Ball Wild Pitch! Corey Bosley to second 1-0: Foul Ball, location: 2F 1-1: Foul Ball, location: 2F 1-2: Ball 2-2: Ball 3-2: Ground out 1-3 (Groundball, 15, EV 60.0 MPH)
|
Batting: LHB Scott Simon
|
0-0: Called Strike 0-1: Ball 1-1: Ball 2-1: Ball 3-1: Ground out 4-3 (Groundball, 4M, EV 100.6 MPH)
|
Top of the 4th over - 0 runs, 1 hit, 0 errors, 1 left on base; University of Virginia 0 - University of Miami 0 |
BOTTOM OF THE 4TH |
University of Miami Hurricanes batting - Pitching for University of Virginia Cavaliers : RHP Danny Aviles
|
Batting: RHB Feng Bao
|
0-0: Ball 1-0: Foul Ball, location: 2F 1-1: Swinging Strike 1-2: Hit by Pitch
|
Batting: SHB Shafeeq bin Haytham
|
0-0: Ball 1-0: Called Strike 1-1: Called Strike 1-2: Ball 2-2: Strikes out swinging
|
Batting: RHB Victor Flores
|
0-0: Ball 1-0: Called Strike 1-1: Ball 2-1: Foul Ball, location: 2F 2-2: Ball 3-2: Base on Balls Feng Bao to second
|
Batting: RHB Sam Bottom
|
0-0: Ball 1-0: Ball 2-0: Ball 3-0: Foul Ball, location: 2F 3-1: Foul Ball, location: 2F 3-2: Foul Ball, location: 2F 3-2: Foul Ball, location: 2F 3-2: Strikes out swinging
|
Batting: RHB Felix Contreras
|
0-0: Ball 1-0: Ball 2-0: Called Strike 2-1: Foul Ball, location: 2F 2-2: Ball 3-2: Fly out, F8 (Flyball, 8RXD, EV 88.8 MPH)
|
Bottom of the 4th over - 0 runs, 0 hits, 0 errors, 2 left on base; University of Virginia 0 - University of Miami 0 |
TOP OF THE 5TH |
University of Virginia Cavaliers batting - Pitching for University of Miami Hurricanes : LHP Dave Caprasquilio
|
Now in CF: Keith Birks
|
|
Batting: RHB Sal Ochoa
|
0-0: Ball 1-0: Ball 2-0: SINGLE (Groundball, 5D, EV 96.2 MPH)
|
Batting: RHB Dave Bartko
|
0-0: Swinging Strike 0-1: Ball 1-1: Ball 2-1: Foul Ball, location: 2F 2-2: Foul Ball, location: 2F 2-2: Fly out, F9 (Flyball, 9D, EV 101.9 MPH)
|
Batting: RHB Lubos Karas
|
0-0: Called Strike 0-1: Ball 1-1: Called Strike 1-2: Ball 2-2: Foul Ball, location: 2F 2-2: Strikes out swinging
|
Pinch Hitting: RHB Danny Hernandez
|
0-0: Fly out, F3 (Popup, 34S, EV 82.5 MPH)
|
Top of the 5th over - 0 runs, 1 hit, 0 errors, 1 left on base; University of Virginia 0 - University of Miami 0 |
BOTTOM OF THE 5TH |
University of Miami Hurricanes batting - Pitching for University of Virginia Cavaliers : RHP Danny Aviles
|
Pitching: RHP Chris Cordeiro
|
|
Now at 2B: Danny Hernandez
|
|
Batting: LHB Jeff Campbell
|
0-0: Swinging Strike 0-1: Foul Ball, location: 2F 0-2: Strikes out swinging
|
Batting: RHB Keith Birks
|
0-0: Ball 1-0: Ball 2-0: Ball 3-0: Called Strike 3-1: Ground out U3 (Groundball, 34, EV 106.9 MPH)
|
Batting: LHB Flipp Amchentsev
|
0-0: Ground out 1-3 (Groundball, 13S, EV 70.0 MPH)
|
Bottom of the 5th over - 0 runs, 0 hits, 0 errors, 0 left on base; University of Virginia 0 - University of Miami 0 |
TOP OF THE 6TH |
University of Virginia Cavaliers batting - Pitching for University of Miami Hurricanes : LHP Dave Caprasquilio
|
Pitching: RHP Ben Arterbury
|
|
Now in LF: J.J. Swanson
|
|
Pinch Hitting: RHB Jonathan Summers
|
0-0: Called Strike 0-1: Called Strike 0-2: Strikes out swinging
|
Batting: LHB Min-Had Chau
|
0-0: Ground out 4-3 (Groundball, 4, EV 98.1 MPH)
|
Pinch Hitting: RHB Aleksander Komarek
|
0-0: Ball 1-0: Called Strike 1-1: Ball 2-1: Swinging Strike 2-2: Strikes out looking
|
Top of the 6th over - 0 runs, 0 hits, 0 errors, 0 left on base; University of Virginia 0 - University of Miami 0 |
BOTTOM OF THE 6TH |
University of Miami Hurricanes batting - Pitching for University of Virginia Cavaliers : RHP Chris Cordeiro
|
Pitching: RHP Hector Ruiz
|
|
Now at 3B: Aleksander Komarek
|
|
Now at SS: Jonathan Summers
|
|
Batting: RHB Jimmy White
|
0-0: Foul Ball, location: 2F 0-1: Fly out, F7 (Flyball, 7, EV 81.9 MPH)
|
Batting: RHB Feng Bao
|
0-0: Ball 1-0: Ground out 6-3 (Groundball, 6, EV 101.2 MPH)
|
Batting: SHB Shafeeq bin Haytham
|
0-0: Ball 1-0: Ball 2-0: Called Strike 2-1: Ball 3-1: Foul Ball, location: 2F 3-2: Fly out, F5 (Popup, 25, EV 82.5 MPH)
|
Bottom of the 6th over - 0 runs, 0 hits, 0 errors, 0 left on base; University of Virginia 0 - University of Miami 0 |
TOP OF THE 7TH |
University of Virginia Cavaliers batting - Pitching for University of Miami Hurricanes : RHP Ben Arterbury
|
Pitching: RHP Todd Buzzell
|
|
Now at 2B: Phil Starr
|
|
Pinch Hitting: RHB Adrian Kriston
|
0-0: Ground out 6-3 (Groundball, 6, EV 99.4 MPH)
|
Pinch Hitting: LHB Jim Rowell
|
0-0: Foul Ball, location: 2F 0-1: Called Strike 0-2: Ball 1-2: Ball 2-2: Ball 3-2: Base on Balls
|
Batting: RHB Sal Ochoa
|
0-0: Ball 1-0: Ball 2-0: Ball 3-0: Called Strike 3-1: Called Strike 3-2: Base on Balls Jim Rowell to second
|
Batting: RHB Dave Bartko
|
0-0: Ball 1-0: Called Strike 1-1: Swinging Strike 1-2: Ball 2-2: Ball 3-2: Strikes out looking
|
Batting: RHB Lubos Karas
|
0-0: Foul Ball, location: 2F 0-1: Ball 1-1: Ball 2-1: Swinging Strike 2-2: Ball 3-2: Strikes out looking
|
Top of the 7th over - 0 runs, 0 hits, 0 errors, 2 left on base; University of Virginia 0 - University of Miami 0 |
BOTTOM OF THE 7TH |
University of Miami Hurricanes batting - Pitching for University of Virginia Cavaliers : RHP Hector Ruiz
|
Pitching: RHP Harasvarupa Davuluri
|
|
Now at 1B: Adrian Kriston
|
|
Now in RF: Jim Rowell
|
|
Pinch Hitting: RHB Matt Curtis
|
0-0: Swinging Strike 0-1: Called Strike 0-2: Ball 1-2: Ball 2-2: Foul Ball, location: 2F 2-2: Ball 3-2: Ground out 6-3 (Groundball, 6, EV 88.8 MPH)
|
Batting: RHB Sam Bottom
|
0-0: Ball 1-0: Ball 2-0: Fly out, F7 (Flyball, 78M, EV 78.8 MPH)
|
Batting: RHB Felix Contreras
|
0-0: Called Strike 0-1: Ball 1-1: Foul Ball, location: 2F 1-2: Strikes out swinging
|
Bottom of the 7th over - 0 runs, 0 hits, 0 errors, 0 left on base; University of Virginia 0 - University of Miami 0 |
TOP OF THE 8TH |
University of Virginia Cavaliers batting - Pitching for University of Miami Hurricanes : RHP Todd Buzzell
|
Pitching: RHP Corey Alder
|
|
Now in LF: Matt Curtis
|
|
Batting: RHB Danny Hernandez
|
0-0: Called Strike 0-1: Swinging Strike 0-2: Ball 1-2: Ground out 6-3 (Groundball, 6, EV 83.8 MPH)
|
Batting: RHB Jonathan Summers
|
0-0: Swinging Strike 0-1: Ball 1-1: Ball 2-1: Foul Ball, location: 2F 2-2: Strikes out swinging
|
Batting: LHB Min-Had Chau
|
0-0: Ball 1-0: Ball 2-0: Ground out 6-3 (Groundball, 6S, EV 66.9 MPH)
|
Top of the 8th over - 0 runs, 0 hits, 0 errors, 0 left on base; University of Virginia 0 - University of Miami 0 |
BOTTOM OF THE 8TH |
University of Miami Hurricanes batting - Pitching for University of Virginia Cavaliers : RHP Harasvarupa Davuluri
|
Pitching: RHP Steve Blanchard
|
|
Batting: LHB Jeff Campbell
|
0-0: Fly out, F8 (Flyball, 89M, EV 74.4 MPH)
|
Batting: RHB Keith Birks
|
0-0: Ball 1-0: Ground out 5-3 (Groundball, 5S, EV 88.8 MPH)
|
Batting: RHB Phil Starr
|
0-0: Called Strike 0-1: Ball 1-1: Ball 2-1: DOUBLE (Line Drive, 89D, EV 106.9 MPH)
|
Batting: RHB Jim O'Sullivan
|
0-0: Called Strike 0-1: Called Strike 0-2: Foul Ball, location: 2F 0-2: Ground out 4-3 (Groundball, 4, EV 87.5 MPH)
|
Bottom of the 8th over - 0 runs, 1 hit, 0 errors, 1 left on base; University of Virginia 0 - University of Miami 0 |
TOP OF THE 9TH |
University of Virginia Cavaliers batting - Pitching for University of Miami Hurricanes : RHP Corey Alder
|
Batting: RHB Aleksander Komarek
|
0-0: Ball 1-0: Ball 2-0: Ball 3-0: Base on Balls
|
Batting: RHB Adrian Kriston
|
0-0: Called Strike Aleksander Komarek is caught stealing 2nd base 2-4 0-1: Ball 1-1: Ball 2-1: Ball 3-1: Foul Ball, location: 2F 3-2: Base on Balls
|
Batting: LHB Jim Rowell
|
0-0: Ground out 4-3 (Groundball, 34S, EV 87.5 MPH) Adrian Kriston to second
|
Batting: RHB Fernan Tedeschi
|
0-0: Intentional Walk
|
Batting: RHB Dave Bartko
|
0-0: Ball 1-0: Ball 2-0: Called Strike 2-1: Called Strike 2-2: Foul Ball, location: 2F 2-2: Ball 3-2: Base on Balls Adrian Kriston to third Fernan Tedeschi to second
|
Batting: RHB Lubos Karas
|
0-0: Ball 1-0: Swinging Strike 1-1: Ball 2-1: Ball 3-1: Foul Ball, location: 2F 3-2: Foul Ball, location: 2F 3-2: Base on Balls Adrian Kriston scores Fernan Tedeschi to third Dave Bartko to second
|
Batting: RHB Danny Hernandez
|
0-0: Foul Ball, location: 2F 0-1: Swinging Strike 0-2: DOUBLE (Flyball, 8RXD, EV 100.6 MPH) Fernan Tedeschi scores Dave Bartko scores Lubos Karas to third Runner from 3rd tries for Home, SAFE, throw by CF to home
|
Pitching: LHP Hyeon-san Choi
|
|
Batting: RHB Jonathan Summers
|
0-0: Foul Ball, location: 2F 0-1: Ground out 6-3 (Groundball, 6, EV 103.8 MPH)
|
Top of the 9th over - 4 runs, 1 hit, 0 errors, 1 left on base; University of Virginia 4 - University of Miami 0 |
BOTTOM OF THE 9TH |
University of Miami Hurricanes batting - Pitching for University of Virginia Cavaliers : RHP Steve Blanchard
|
Pitching: RHP Tetahiti Nahele
|
|
Batting: RHB Feng Bao
|
0-0: Called Strike 0-1: Foul Ball, location: 2F 0-2: DOUBLE (Line Drive, 8LXD, EV 100.6 MPH)
|
Batting: SHB Shafeeq bin Haytham
|
0-0: Swinging Strike 0-1: Ball 1-1: Foul Ball, location: 2F 1-2: Ground out 4-3 (Groundball, 4, EV 82.5 MPH) Feng Bao to third
|
Batting: RHB Matt Curtis
|
0-0: 2-RUN HOME RUN (Flyball, 78XD, EV 110.6 MPH), Distance : 455 ft
|
Batting: RHB Sam Bottom
|
0-0: Called Strike 0-1: SOLO HOME RUN (Line Drive, 7D, EV 112.5 MPH), Distance : 426 ft
|
Pitching: RHP Teo Alvarado
|
|
Batting: RHB Felix Contreras
|
0-0: Ball 1-0: Reached on error, E5 (Groundball, 56, EV 103.1 MPH)
|
Batting: LHB Jeff Campbell
|
0-0: Ball 1-0: Ball 2-0: Ball 3-0: Called Strike 3-1: Called Strike 3-2: Fly out, F8 (Flyball, 8LD, EV 91.9 MPH)
|
Batting: RHB Keith Birks
|
0-0: Foul Ball, location: 2F 0-1: Ball 1-1: Called Strike 1-2: Ball 2-2: Foul Ball, location: 2F 2-2: Foul Ball, location: 2F 2-2: Fly out, F9 (Flyball, 89M, EV 92.5 MPH)
|
Bottom of the 9th over - 3 runs, 3 hits, 1 error, 1 left on base; University of Virginia 4 - University of Miami 3 |
|